 Dungeon Crawl Stone Soup version 0.21.1-1-g345015f (webtiles) character file.

262 Fang the Chopper (level 6, -2/57 HPs)
             Began as a Gargoyle Berserker on May 31, 2018.
             Was a Believer of Trog.
             Slain by a gnoll
             ... wielding a +0 flail
              (5 damage)
             ... on level 4 of the Dungeon.
             The game lasted 00:05:26 (4179 turns).

Fang the Chopper (Gargoyle Berserker)               Turns: 4179, Time: 00:05:27

Health: -2/57      AC:  6    Str: 28    XL:     6   Next: 18%
Magic:  15/15      EV: 12    Int:  7    God:    Trog [**....]
Gold:   99         SH:  0    Dex:  9    Spells: 5/5 levels left

rFire    . . .     SeeInvis .   a - +0 hand axe
rCold    . . .     Gourm    .   (no shield)
rNeg     + . .     Faith    .   b - +0 animal skin
rPois    ∞         Spirit   .   (no helmet)
rElec    +         Reflect  .   (no cloak)
rCorr    .         Harm     .   (no gloves)
MR       .....                  (no boots)
Stlth    ..........             (no amulet)
HPRegen  0.19/turn              g - ring of magical power
MPRegen  0.14/turn              (no ring)

@: berserking, very quick
A: negative energy resistance 1, electricity resistance, unbreathing,
petrification resistance, rot immunity, AC +4
a: Berserk, Trog's Hand, Burn Spellbooks, Renounce Religion


You were on level 4 of the Dungeon.
You worshipped Trog.
Trog was pleased with you.
You were near starving.

You visited 1 branch of the dungeon, and saw 4 of its levels.

You collected 99 gold pieces.

Inventory:

Hand Weapons
 a - a +0 hand axe (weapon)
Armour
 b - a +0 animal skin (worn)
Jewellery
 g - a ring of magical power (left hand)
Wands
 k - a wand of flame (18)
 l - a wand of random effects (28)
 m - a wand of acid (5)
Scrolls
 d - 3 scrolls of identify {unknown}
 e - a scroll of remove curse {unknown}
 f - a scroll of magic mapping {unknown}
 i - a scroll of teleportation {unknown}
 j - a scroll of fog {unknown}
Potions
 h - a potion of agility {unknown}
Comestibles
 c - 3 rations


   Skills:
 + Level 4.2 Fighting
 + Level 4.7 Axes
 + Level 2.3 Armour
 + Level 2.8 Dodging
 + Level 1.3 Stealth


You had 5 spell levels left.
You didn't know any spells.

Dungeon Overview and Level Annotations

Branches:
Dungeon (4/15)
 Temple: D:4-7

Altars:


Innate Abilities, Weirdness & Mutations

You are resistant to torment.
Your stone body is resilient. (AC +4)
You are immune to poison.
You resist negative energy. (rN+)
You are resistant to electric shocks. (rElec)
You can survive without breathing.
You are immune to petrification.
You are immune to rotting.


Message History

The gnoll closely misses you.
Unknown command.
You closely miss the orc priest.
The orc priest is severely wounded.
You closely miss the gnoll. You hit the orc. You closely miss the gnoll.
The orc closely misses you.
The orc priest mumbles some strange prayers to Beogh against you.
Beogh smites you!
* * * LOW HITPOINT WARNING * * *
You slash the gnoll!
You kill the gnoll!
Trog accepts your kill.
You barely miss the orc. You completely miss the gnoll.
You slash the orc priest!
You kill the orc priest!
Trog accepts your kill. The gnoll misses you. The orc hits you with a mace.
* * * LOW HITPOINT WARNING * * *
The gnoll hits you with a flail.
You die...

#### #
############....... ...#
.............# #.. ...#
#.$#..#..#..# #.# ....#
............####.# ....#
.......)o....#...###....#
......)†@....#........# #
#..#[.#.g#...?........#
/....................#
############...##.#####
#...####.# #..## #.# .
.... #.# ...#..# #.# #.
#.# #.#


You could see a gnoll and an orc.

Vanquished Creatures
  A scorpion (D:3)
  An orc priest (D:4)
  Ijyb (D:3)
  A worker ant (D:3)
  4 gnolls
  2 adders
  2 worms (D:2)
  4 dart slugs
  A leopard gecko (D:3)
  7 orcs
  2 ball pythons
  7 bats
  2 giant cockroaches
  4 goblins
  6 hobgoblins
  6 kobolds
  3 quokkas
  3 frilled lizards
  3 rats
60 creatures vanquished.

Notes
Turn   | Place    | Note
-------+----------+-------------------------------------------
     0 | D:1      | Fang the Gargoyle Berserker began the quest for the Orb.
     0 | D:1      | Reached XP level 1. HP: 14/14 MP: 1/1
   111 | D:1      | Reached XP level 2. HP: 18/19 MP: 2/2
   632 | D:2      | Reached XP level 3. HP: 23/23 MP: 3/3
  1924 | D:2      | Reached XP level 4. HP: 29/29 MP: 4/4
  2068 | D:3      | Reached ** piety under Trog
  2355 | D:3      | Noticed Ijyb
  2364 | D:3      | Killed Ijyb
  3047 | D:3      | Reached XP level 5. HP: 7/33 MP: 5/5
  4065 | D:4      | Reached skill level 1 in Stealth
  4174 | D:4      | Reached XP level 6. HP: 28/38 MP: 6/6
  4179 | D:4      | Slain by a gnoll

Skill      XL: |  1  2  3  4  5 |
---------------+----------------+-----
Axes           | 3 4 |  4.7
Dodging        | 2 |  2.8
Fighting       | 4 |  4.2
Stealth        | 1 |  1.3
Armour         | |  2.3

Action                   |  1- 3 |  4- 6 || total
-------------------------+-------+-------++-------
Melee: Hand axe          |   114 |   145 ||   259
Invok: Berserk           |     3 |     2 ||     5
 Stab: Sleeping          |     1 |       ||     1
  Eat: Chunk             |     6 |     7 ||    13
Armor: Animal skin       |    48 |    54 ||   102
Dodge: Dodged            |    84 |    92 ||   176
